Cogmind - Beta 15 @@@ ROGUE MODE // 2025.05.15 @ 21:52:27 Player: Rubbe Result: Destroyed by Y-45 Defender with Beam Rifle Performance ------------- Evolutions (1) 500 Regions Visited (2) 400 Robots Destroyed (6) 30 Value Destroyed (143) 143 Prototype IDs (0) 0 Alien Tech Used (0) 0 Bonus (200) 200 TOTAL SCORE: 1273 Bonus ------- Pacifist 200 Cogmind --------- Core Integrity 0/400 Matter 182/300 Energy 100/100 System Corruption 0% Temperature Cool (9) Movement Core (1350) Ox26 Location -9/Materials Parts ------- > --- POWER (1) -------- (None) > --- PROPULSION (4) --- (None) > --- UTILITY (2) ------ Huge Storage Unit > --- WEAPON (2) ------- (None) > --- INVENTORY (25) --- Light Ion Engine Heat Sink Advanced Weight Redist. System Advanced Weight Redist. System Structural Scanner Terrain Scanner Terrain Scan Processor Melee Analysis Suite Core Shielding Small Laser Small Laser Heavy Assault Rifle Datajack Peak State ------------ > --- POWER ------------ Light Ion Engine > --- PROPULSION ------- Wheel Wheel Wheel Wheel > --- UTILITY ---------- Large Storage Unit Light Armor Plating > --- WEAPON ----------- Assault Rifle Heavy Assault Rifle > --- INVENTORY -------- Light Ion Engine Heat Sink Advanced Weight Redist. System Advanced Weight Redist. System Structural Scanner Terrain Scanner Terrain Scan Processor Melee Analysis Suite Core Shielding Small Laser Small Laser Heavy Assault Rifle Datajack [Rating: 12] Favorites ----------- Power Light Ion Engine Engine Light Ion Engine Propulsion Wheel Leg Aluminum Leg Wheel Wheel Utility Propulsion Shielding Storage Small Storage Unit Protection Propulsion Shielding Weapon Assault Rifle Energy Gun Small Laser Ballistic Gun Assault Rifle Special Melee Weapon Datajack Build | -11 -10 -9 ------- Run | Yrd Mat Mat Slots Evolved 2 | . . 2 Power . | . . . Propulsion 2 | . . 2 Utility . | . . . Weapon . | . . . Parts Attached 17 | 5 2 10 Power 1 | 1 . . Engine 1 | 1 . . Core . | . . . Reactor . | . . . Propulsion 6 | 2 . 4 Treads . | . . . Leg 2 | 2 . . Wheel 4 | . . 4 Hover . | . . . Flight . | . . . Utility 5 | . 2 3 Device . | . . . Storage 3 | . 1 2 Processor . | . . . Hackware . | . . . Protection 2 | . 1 1 Artifact . | . . . Weapon 5 | 2 . 3 Energy Gun 2 | 1 . 1 Energy Cannon . | . . . Ballistic Gun 2 | 1 . 1 Ballistic Cannon . | . . . Launcher . | . . . Special Weapon . | . . . Impact Weapon . | . . . Slashing Weapon . | . . . Piercing Weapon . | . . . Special Melee Weapon 1 | . . 1 Unidentified Prototypes . | . . . Parts Lost 9 | . . 9 Power 1 | . . 1 Propulsion 4 | . . 4 Utility 1 | . . 1 Weapon 3 | . . 3 Highest Loss Streak 9 | . . 9 To Critical Strikes . | . . . Average Backups 7 | 2 3 10 Power . | . 1 1 Propulsion . | . . . Utility 4 | . 1 6 Weapon 1 | . . 2 Tool/Special . | . . . Unused Backups 11 | . . 11 Power 1 | . . 1 Propulsion . | . . . Utility 8 | . . 8 Weapon 2 | . . 2 Tool/Special . | . . . Average Slot Usage (%) 83 | . 90 80 Engine 10 | . 14 8 Leg 11 | . 28 4 Wheel 17 | . . 25 Storage 10 | . 10 11 Protection 9 | . 9 9 Energy Gun 7 | . 14 4 Ballistic Gun 14 | . 14 15 Peak Build Rating 12 | 5 7 12 Average Rating 7 | 3 6 9 On Entrance 4 | . 5 7 Naked Turns . | . . . Heaviest Build 91 | 6 12 91 Greatest Support 40 | 20 20 40 Greatest Overweight (x) 27 | . . 27 Average Overweight (x) . | . . 1 Largest Inventory Capacity 25 | 5 8 25 Average Capacity 12 | 5 7 17 Most Carried 14 | 5 5 14 Average Carried 7 | 2 3 10 Final Capacity 25 | 5 8 25 Final Carried 13 | 2 3 13 Class Distribution -------------------- 67% | Mutant 32% | Scavenger-Mutant Dominant Class ---------------- Mutant | -10/Materials Scavenger-Mutant | -9/Materials Resources | -11 -10 -9 ----------- Run | Yrd Mat Mat Matter Collected 303 | 223 . 80 Remotely . | . . . Salvage Created 180 | . . 180 Parts 17 | . . 17 Haulers Intercepted . | . . . Recyclers Shooed . | . . . Parts Field Recycled . | . . . Retrieved Matter . | . . . Parts Self-Destructed . | . . . Prevented . | . . . Kills | -11 -10 -9 ------- Run | Yrd Mat Mat Combat Hostiles Destroyed 3 | . . 3 Guns 3 | . . 3 Classes Destroyed 4 | . . 4 Worker 2 | . . 2 Builder 1 | . . 1 Grunt 2 | . . 2 Sentry 1 | . . 1 Best Kill Streak 2 | . . 2 Combat Bots Only 2 | . . 2 Max Kills in Single Turn 1 | . . 1 Gunslinging . | . . . Exploded . | . . . Melee . | . . . Uniques/NPCs Destroyed . | . . . Combat | -11 -10 -9 -------- Run | Yrd Mat Mat Hostile Shots Fired 178 | . 41 137 Missed 56 | . 14 42 Hits 122 | . 27 95 Projectile 122 | . 27 95 Damage Taken 1292 | . 259 1033 Core 444 | . 41 403 Absorbed by Shields . | . . . Redirected to Shielding 48 | . 35 13 Core Remaining (%) 91 | 100 83 . Volleys Fired 20 | . 3 17 Largest 2 | . 2 2 Hottest 88 | . 60 88 Shots Fired 38 | . 6 32 Gun 38 | . 6 32 Cannon . | . . . Launcher . | . . . Special . | . . . Kinetic 32 | . 3 29 Thermal 6 | . 3 3 Explosive . | . . . Electromagnetic . | . . . Robot Hit Streak 11 | . 1 11 Robot Miss Streak 4 | . 3 4 Penetration Max . | . . . Secondary Targets 1 | . . 1 Max Gunslinging Chain 1 | . . 1 Shots Hit Robots 23 | . 2 21 Core Hits 11 | . . 11 Critical Kills 1 | . . 1 Critical Parts Destroyed . | . . . Critical Strikes 1 | . . 1 Destroy 1 | . . 1 Melee Attacks 2 | . . 2 Impact . | . . . Slashing . | . . . Piercing . | . . . Sneak Attacks . | . . . Combat Hostiles . | . . . Follow-up Attacks . | . . . Damage Inflicted 330 | . 25 305 Guns 330 | . 25 305 Cannons . | . . . Explosions . | . . . Melee . | . . . Ramming . | . . . Kinetic 310 | . 25 285 Thermal 20 | . . 20 Explosive . | . . . Electromagnetic . | . . . Impact . | . . . Slashing . | . . . Piercing . | . . . Highest Corruption . | . . . Average Corruption . | . . . Corruption Purged . | . . . Corruption Blocked . | . . . Overload Shots . | . . . Overflow Damage . | . . . Projectiles . | . . . Explosions . | . . . Melee . | . . . Knockbacks . | . . . Impact . | . . . Kinetic . | . . . Secondary . | . . . Self-Inflicted Damage . | . . . Shots . | . . . Rammed . | . . . Targets Rammed . | . . . Kicked . | . . . Crushed . | . . . Highest Temperature 12 | . 12 9 Average Temperature 5 | . 7 4 Received Heat Transfer 282 | . 78 204 Siege Activations . | . . . Martial Activations . | . . . Shielding Activations . | . . . Robots Disrupted . | . . . Combat Hostiles . | . . . Robots Corrupted . | . . . Combat Hostiles . | . . . Parts Fried . | . . . Impact Corruptions . | . . . Robots Melted . | . . . Combat Hostiles . | . . . Parts Melted . | . . . Heat Transferred 25 | . . 25 Parts Sabotaged . | . . . Parts Stolen . | . . . Parts Stripped . | . . . Power Chain Reactions . | . . . Alert | -11 -10 -9 ------- Run | Yrd Mat Mat Maximum Alert Level . | . . . Low Security (%) 100 | 100 100 100 Level 1 . | . . . Level 2 . | . . . Level 3 . | . . . Level 4 . | . . . Level 5 . | . . . High Security . | . . . Max Security . | . . . Peak Influence 40 | . 30 40 Initial 8 | . . 8 Average 4 | . 3 6 Influence Increases 161 | . 35 126 Destroy 0b10 Robot/C 60 | . . 60 Destroy 0b10 Robot/NC 15 | . . 15 Destroy Leader 20 | . . 20 Successful Hack 5 | . 5 . Disable Machine 15 | . . 15 Destroy Structure 1 | . . 1 Lose Combat Pursuer 45 | . 30 15 Influence Decreases 161 | . 15 146 Entered New Map 12 | . . 12 Time Decay 89 | . 15 74 Lost Part 60 | . . 60 Squads Dispatched 3 | . 2 1 Investigation 1 | . . 1 Extermination . | . . . Reinforcement 2 | . 2 . Assault . | . . . Garrison . | . . . Intercept . | . . . Searches Triggered . | . . . Construction Impeded . | . . . Haulers Reinforced . | . . . Active Scanning Responses . | . . . Cargo Convoy Interrupts . | . . . Stealth | -11 -10 -9 --------- Run | Yrd Mat Mat Distress Signals 1 | . . 1 Communications Jammed . | . . . Distress Signals . | . . . Times Spotted 26 | . 12 14 Peak Tracking Total 10 | . 8 10 Tactical Retreats 2 | . 1 1 Traps | -11 -10 -9 ------- Run | Yrd Mat Mat Traps Triggered 1 | . . 1 Indirectly . | . . . Trap Hack Attempts . | . . . Triggered . | . . . Disarmed . | . . . Reprogrammed . | . . . Reused . | . . . Traps Extracted . | . . . Installed . | . . . Triggered . | . . . Machines | -11 -10 -9 ---------- Run | Yrd Mat Mat Machines Disabled 1 | . . 1 Max in Single Turn 1 | . . 1 Machines Repaired . | . . . Machines Dismantled . | . . . Machines Sabotaged . | . . . Overloaded Fab Kills . | . . . Hacking | -11 -10 -9 --------- Run | Yrd Mat Mat Machines Accessed 4 | . 2 2 Terminals 4 | . 2 2 Fabricators . | . . . Repair Stations . | . . . Recycling Units . | . . . Scanalyzers . | . . . Garrison Access . | . . . Total Hacks 8 | . 2 6 Successful 5 | . 2 3 Failed 3 | . . 3 Catastrophic . | . . . Database Lockouts . | . . . Manual . | . . . Terminals 8 | . 2 6 Fabricators . | . . . Repair Stations . | . . . Recycling Units . | . . . Scanalyzers . | . . . Garrison Access . | . . . Terminal Hacks 5 | . 2 3 Record 3 | . . 3 Alert Level 1 | . 1 . Zone Layout 1 | . 1 . Fabricator Hacks . | . . . Repair Station Hacks . | . . . Recycling Unit Hacks . | . . . Scanalyzer . | . . . Garrison Access Hacks . | . . . Unauthorized Hacks . | . . . Terminals . | . . . Fabricators . | . . . Repair Stations . | . . . Recycling Units . | . . . Scanalyzers . | . . . Garrison Access . | . . . Data Cores Recovered . | . . . Used . | . . . Hacking Detections 3 | . 1 2 Full Trace Events 1 | . . 1 Feedback Events . | . . . Feedback Blocked . | . . . Robot Schematics Acquired . | . . . Robots Built . | . . . Authchips . | . . . Time . | . . . Total Robot Build Rating . | . . . Part Schematics Acquired . | . . . Parts Built . | . . . Authchips . | . . . Time . | . . . Total Part Build Rating . | . . . Parts Repaired . | . . . Time . | . . . Parts Recycled . | . . . Recycled Matter . | . . . Retrieved Matter . | . . . Retrieved Components . | . . . Parts Scanalyzed . | . . . Part Schematics Acquired . | . . . Parts Damaged . | . . . Bothacking | -11 -10 -9 ------------ Run | Yrd Mat Mat Used RIF Installer . | . . . Robots Hacked 1 | . . 1 Non-combat . | . . . Combat 1 | . . 1 Robot Hacks Applied 2 | . . 2 parse_system 2 | . . 2 Relay Couplers Released . | . . . Fabnet Peak Effective % . | . . . Robots Rewired . | . . . Allies Hacked . | . . . Hacks Repelled . | . . . Allies | -11 -10 -9 -------- Run | Yrd Mat Mat Total Allies . | . . . Largest Group . | . . . Highest-Rated Group . | . . . Highest-Rated Ally . | . . . Total Orders . | . . . Ally Attacks . | . . . Total Damage . | . . . Kills . | . . . Allies Corrupted . | . . . Allies Melted . | . . . Intel | -11 -10 -9 ------- Run | Yrd Mat Mat Active Infowar (turns) . | . . . Robot Analysis Total . | . . . Derelict Logs Recovered . | . . . Drone Launches . | . . . Drone Recoveries . | . . . Exploration | -11 -10 -9 ------------- Run | Yrd Mat Mat Turns Passed 511 | 70 130 311 Spaces Moved 348 | 54 97 197 Core 10 | 8 . 2 Treads . | . . . Legs 179 | 46 97 36 Wheels 159 | . . 159 Hover . | . . . Flight . | . . . Fastest Speed 50 | 50 120 80 Average Speed 113 | 109 120 112 Slowest Speed 1400 | 120 120 1400 Overloaded Moves . | . . . Propulsion Burnouts . | . . . Robots Hopped . | . . . Potential Cave-ins . | . . . Cave-ins Triggered . | . . . Exploration Rate (%) 18 | 4 33 19 Regions Visited 2 Branch Regions . Pre-discovered Areas . | . . . Known Exits Taken . | . . . Unknown Exits Taken 2 | 1 1 . Scrap Searched . | . . . Spaces Dug . | . . . Terrain Destroyed . | . . . Melee . | . . . Projectile . | . . . AOE . | . . . Terrain Rammed . | . . . Walls Destroyed . | . . . Machines Disabled . | . . . Actions | -11 -10 -9 --------- Run | Yrd Mat Mat Total 426 | 65 104 257 Wait 8 | . . 8 Move 346 | 53 96 197 Hop . | . . . Pick Up 28 | 7 3 18 Fast Attach . | . . . Attach 12 | 5 2 5 Detach . | . . . Swap 5 | . . 5 Drop 5 | . . 5 Fire 20 | . 3 17 Melee 2 | . . 2 Ram . | . . . Kick . | . . . Crush . | . . . Escape Stasis . | . . . Rewire . | . . . Trap . | . . . Miscellaneous . | . . . Route ------- -11/Scrapyard -10/Materials -9/Materials History --------- Turn | Location | Event 6 | -11/Scrapyard | Discovered new exit (range 14) 71 | -11/Scrapyard | Entered Materials 186 | -10/Materials | Discovered new exit (range 15) 201 | -10/Materials | Entered another Materials area 201 | -9/Materials | Evolved 2 slots: Propulsion x2 304 | -9/Materials | Build established: Mutant 492 | -9/Materials | Core integrity fell below 50% 505 | -9/Materials | Core integrity fell below 20% 512 | -9/Materials | Destroyed by Y-45 Defender with Beam Rifle Last Messages --------------- investigation squad. Wheel destroyed. G-34 Mercenary destroyed. Switching to secondary target: Y-45 Defender. S-10 Pest destroyed. Wheel destroyed. G-47 Trooper destroyed. Assault Rifle destroyed. Wheel destroyed. Lgt. Armor Plating destroyed. Wheel destroyed. U-05 Engineer lays Concrete. K-01 Serf collects debris. U-05 Engineer lays Concrete. Hvy. Assault Rifle destroyed. U-05 Engineer lays Concrete. G-34 Mercenary destroyed. U-05 Engineer builds a Door. Spread Laser destroyed. Y-45 Defender destroyed. Map ----- +----------------------------------------------------+ | ?????????????????????????????????????????????????? | | ?????????????????????????????????????????????????? | | ?????????????????????????????????????????????????? | | ?????????????????????????????????????????????????? | | ?????????????????????????????????????????????????? | | ?????????????????????????????????????????????????? | | ?????????????????????????????????????????????????? | | ?????????????????????????????????????????????????? | | ?????????????????????????????????????????????????? | | ?????????????????????????????????????????????????? | | ?????????????????????????????????????????????????? | | ?????????????????????????????????????????????????? | | ?????????????????????????????????????????????????? | | ?????????????????????????????????????????????????? | | ?????????????????????+##?????????????????????????? | | ????????????????????? ?????????????????????????? | | ????????????????????? ?????????????????????????? | | ????????????????????? ???#????????????????????? | | ??????????????????# """ ""? #????????????????????? | | ??????????????????? """u""? #????????????????????? | | ????????????????????""" ""? #????????????????????? | | ????????????????????? ?[#????????????????????? | | ?????????????????????? =! ?%#????????????????????? | | ???????????????????????#g##r#????????????????????? | | ???????????????????????#*%==#????????????????????? | | ???????????????????????#%@!!#????????????????????? | | ???????????????????????#!*! #????????????????????? | | ???????????????????????# [ #????????????????????? | | ???????????????????????# Y*#????????????????????? | | ???????????????????????# s=s#?????#??????????????? | | ???????????????????????# [#???? #??????????????? | | ???????????????????????# ##### #####??????????? | | ???????????????????????# "%" ?????????? | | ???????????????????????# *%= " #???????????? | | ???????????????????????# [ """" #???????????? | | ???????????????????????# """" #???????????? | | ???????????????????????# "" " #???????????? | | ???????????????????????# #???????????? | | ???????????????????????# #???????????? | | ???????????????????????# ####???????????? | | ???????????????????????# #??????????????? | | ???????????????????????# ##+#####??????????? | | ????????????????????####+##### # #??#####???? | | ????????????????????# ## # #??# ##### | | ????????????????????# "T" ## # #??# !# | | ????????????????????#= """ ## # #??# # ! | | ????????????????????# ## # #??# # !!! | | ????????????????????########## # #??# # !!! | | ????????????????????# # ######+###? # | | ????????????????????# """ # #### #? # | +----------------------------------------------------+ Best States ------------- Heat Dissipation 28 Energy Generation 10 Energy Capacity 125 Matter Stores 273 Matter Capacity 300 Sight Range 16 Terrain Scan Density 10 Armor Coverage 150 Propulsion Shielding 33 Evasion (%) 55 Item Schematics ----------------- None Robot Schematics ------------------ None Fabricated ------------ Nothing Repaired ---------- Nothing Alien Tech Used ----------------- None Achievements -------------- None Challenges ------------ None Game ------ Seed MicroShadePerforator Manual? 0 Play Time 00:05:26 Cumulative 8.8 hours Start 2025.05.15 @ 15:34:24 End 2025.05.15 @ 21:52:27 Sessions 2 Manual Loads 0 Difficulty Rogue Special Mode None Game No. 34 Rogue 34 Adventurer 0 Explorer 0 Win Type - Total 0 Types 0/0/0/0/0/0/0/0/0/0 Lore% 6 Gallery% 15 Achievement% 18 Wizard Run 0 Options --------- Layout 1 ASCII 0 Keyboard 0 Movement Mouse Keybinds 0 Fullscreen 1 Font 24/Smallcaps Map View 50x35 Zoom Use 0% Tactical HUD 0 Map Filters NONE Filters NONE Steam 1 RUN: 90133a90-9436-495c-8ca9-6e396dc5ca89